Panzerschlacht around Pachino

Match 38257425
End
Panzergrenadier Squad
Selects Italian Combined Arms Battlegroup
Selects Bersaglieri Squad
Bersaglieri Squad
250 Light Carrier
Construct Light Support Kompanie
Combat Half-tracks
Bersaglieri Squad
Construct Mechanized Kompanie
Selects Semovente da 75/18 Assault Gun
8 Rad Armored Car
Vehicle Survival Package
Veteran Squad Leaders
Selects Carro Armato M13/40 Light Tank
Semovente da 75/18 Assault Gun
Support Armor Elements
Emergency Repair Kits
Selects Pact of Steel
Semovente da 75/18 Assault Gun
2.5-tonne Medical Truck
Carro Armato M13/40 Light Tank
Selects Vehicle Support - Secure Location
Semovente da 75/18 Assault Gun
Selects Breda Model 30 Light Machine Guns
Semovente da 75/18 Assault Gun
Construct Panzerarmee Kommand
Panzer III L Medium Tank
Semovente da 75/18 Assault Gun
Semovente da 75/18 Assault Gun
Panzer III L Medium Tank
Carro Armato M13/40 Light Tank
Carro Armato M13/40 Light Tank
Armored Reserves
Semovente da 75/18 Assault Gun
Panzer IV Assault Group
Semovente da 75/18 Assault Gun
VonManteuffel
Heartless Jäger
Garzet
[CyPu]Lord Chaos
0
0

Comments sign in to comment!

Heartless Jäger [U] about 1 month ago

In this game you will see some Bersas and Fallschirmpios vs Pathfinders and Aussies where the Axis managed to gain a fuel lead in the early game but once the light vehicles from the Allies started to hit that changed the Stuard and M3s were pushing the Axis back but with the arrival of the semovente things would change and a schreck jäger to bring those light vehicles under control, However by that time the Allies had enough fuel to hit the Axis with 3 over repair Crusaders and 3-4 Sherman 76 also with overrepair and the Axis hit the Allies with 3 P3s 2 semoventes and 4 Panzer IV

In a big Clash around the Center of Pachino all those Armored beasts had collided who comes out on Top?